AoeStats
← 曠曠曠曠曠曠工

Coastal Forest

510386230Analyzed
2v2 RM · 1d ago on Sep 30, 2026· 30m 5s· 4 players
Game mode
Random Map
Map size
Medium (4 player)
Population
200
Speed
Normal
Resources
Standard
Victory
Conquest
Starting age
Dark Age
Ending age
Imperial Age
RankedLock teamsTeams togetherTeam positionsShared explorationLock speedFull tech treeHidden civsTurbo modeCheats
Victory
Defeat
🇭🇰 Magyars · Hong Kong SAR China
1122
+18
🇬🇧 Wei · United Kingdom
1107
+19
🇦🇷 Burgundians · Argentina
1185
-19
🇦🇷 Franks · Argentina
1160
-18
ELPOCHOGOL
9:29 Feudal Age
8:11 Loom
11:45 Scale Barding Armor
15:46 Town Watch
26:39 Forging
Elbetoben181430
8:15 Double-Bit Axe
8:48 Loom
11:25 Feudal Age
11:22 Wheelbarrow
11:31 Gold Mining
16:37 Castle Age
15:34 Bow Saw
15:44 Fishing Lines
16:00 Town Watch
17:26 Gold Shaft Mining
16:52 Gillnets
18:00 Husbandry
18:39 Cavalier
21:33 Scale Barding Armor
21:40 Forging
28:47 Hand Cart
曠曠曠曠曠曠工
4:27 Loom
11:03 Feudal Age
11:54 Double-Bit Axe
12:02 Horse Collar
25:48 Castle Age
25:11 Bloodlines
25:18 Gold Mining
27:08 Husbandry
29:36 Padded Archer Armor
30:34 Fletching
伐伐伐伐伐木工
3:17 Loom
12:18 Feudal Age
13:16 Double-Bit Axe
13:14 Horse Collar
15:38 Wheelbarrow
15:17 Bloodlines
16:25 Scale Barding Armor
17:27 Fishing Lines
23:09 Castle Age
22:30 Gold Mining
23:15 Light Cavalry
23:57 Husbandry
24:20 Chain Barding Armor
24:40 Hand Cart
Connection lost

Rejoining the realm…

Still unreachable

The connection could not be restored.

Session expired

The server has moved on; the page needs a fresh start.